Map: Dusk Towers

Players

Pohl

  • Race: Zerg Zerg
  • League: Master

MCanning - Winner!

  • Race: Protoss Protoss
  • League: Grandmaster

VOD

Have the link to the VOD?

Description

Time

  • Played on: Dec. 24, 2015, 3:09 a.m.
  • Length: 16:34
Show
View Real Time Build Order
Export as new Build Order

Pohl Zerg 

Build Orders: Hatch First 

Get SALT Encoding   

  12  0:01  Drone  
  13  0:09  Drone  
  14  0:18  Overlord  
  14  0:27  Extractor  
  14  0:28  Drone  
  15  0:37  Drone x2  
  17  0:52  Hatchery  
  17  0:57  Drone  
  17  0:59  Drone  
  18  1:06  Drone  
  19  1:16  Spawning Pool  
  18  1:19  Drone  
  18  1:23  Extractor  
  18  1:27  Drone  
  19  1:39  Overlord  
  19  1:52  Drone  
  20  2:00  Drone  
  21  2:02  Queen  
  21  2:04  Queen  
  21  2:05  Zergling x2  
  26  2:11  Drone  
  27  2:16  Drone  
  27  2:22  Drone  
  29  2:29  Drone  
  30  2:33  Metabolic Boost  
  30  2:37  Drone x2  
  32  2:44  Drone  
  33  2:52  Overlord  
  33  2:56  Hatchery  
  32  3:04  Evolution Chamber, Zergling x6  
  34  3:21  Zergling x4  
  34  3:22  Zergling x10  
  41  3:28  Zergling x2  
  41  3:34  Zergling x2  
  43  3:38  Overlord  
  43  3:42  Zergling x2  
  44  3:53  Overlord  
  44  3:56  Queen  
  46  4:03  Drone  
  46  4:04  Drone x5  
  46  4:05  Overlord  
  46  4:07  Spore Crawler  
  46  4:08  Spore Crawler  
  50  4:10  Queen  
  50  4:13  Drone x2  
  49  4:38  Lair, Drone x8  
  54  4:42  Roach Warren  
  54  4:45  Drone x2, Extractor x2  
  52  4:46  Extractor  
  52  4:56  Drone x5  
  57  5:06  Drone  
  57  5:07  Drone  
  59  5:14  Zerg Missile Weapons Level 1  
  59  5:16  Drone x3  
  59  5:18  Drone x3  
  59  5:19  Overlord  
  59  5:20  Drone x3  
  68  5:23  Drone  
  69  5:33  Drone x3  
  69  5:34  Drone  
  73  5:37  Overlord x3  
  73  5:40  Glial Reconstitution  
  73  5:46  Drone x4  
  73  5:47  Drone  
  73  5:48  Drone  
  80  5:50  Drone  
  80  6:01  Hatchery, Overseer  
  79  6:06  Extractor  
  79  6:07  Extractor  
  79  6:11  Drone x3  
  80  6:12  Overlord x4  
  80  6:16  Roach  
  80  6:17  Roach  
  80  6:18  Roach  
  86  6:23  Roach x3  
  86  6:24  Roach  
  94  6:29  Roach x3  
  100  6:33  Roach x2  
  100  6:36  Roach  
  106  6:41  Roach  
  106  6:42  Roach x3  
  106  6:46  Roach  
  116  6:49  Roach  
  116  6:52  Infestation Pit  
  116  6:53  Drone  
  118  6:54  Drone  
  118  6:57  Roach x4  
  118  6:58  Evolution Chamber, Roach  
  128  7:05  Roach x3  
  128  7:06  Ravager x3  
  137  7:10  Zerg Missile Weapons Level 2  
  137  7:14  Drone x4  
  141  7:16  Queen  
  141  7:19  Overlord  
  143  7:29  Overlord x3  
  143  7:33  Zerg Melee Weapons Level 1  
  143  7:36  Extractor  
  140  7:51  Roach  
  140  7:52  Roach x12  
  166  7:58  Infestor  
  166  7:59  Infestor x2  
  166  8:04  Drone x3  
  166  8:05  Drone  
  176  8:07  Extractor  
  175  8:15  Ravager  
  175  8:16  Overlord x3  
  175  8:17  Overlord x2  
  175  8:19  Hive  
  174  8:30  Ravager x2  
  174  8:32  Overlord x3  
  176  8:40  Ravager  
  177  8:42  Ravager x5  
  177  8:43  Roach x3  
  188  9:06  Roach x5  
  188  9:07  Roach x2  
  138  9:26  Roach x15  
  154  9:33  Roach  
  154  9:35  Queen x2  
  154  9:36  Queen  
  150  9:40  Roach x3  
  150  9:42  Ravager  
  150  9:43  Ravager x7  
  150  9:44  Overseer  
  159  9:47  Zergling x2  
  137  10:00  Roach  
  137  10:01  Roach x4  
  137  10:10  Roach x6  
  125  10:22  Ultralisk Cavern, Queen  
  125  10:23  Roach x3  
  125  10:26  Ravager  
  125  10:27  Ravager  
  134  10:32  Roach  
  134  10:33  Roach x2  
  138  10:39  Hatchery  
  134  10:45  Roach  
  134  10:46  Roach x2  
  132  10:57  Roach x6  
  132  10:58  Roach x3  
  150  11:13  Chitinous Plating  
  150  11:14  Hatchery  
  146  11:22  Ultralisk  
  146  11:23  Drone x2  
  153  11:37  Drone  
  153  11:38  Drone  
  155  11:40  Ultralisk x2  
  167  11:48  Extractor  
  167  11:49  Ultralisk  
  167  11:50  Zergling x2  
  167  11:51  Zergling x10  
  178  11:58  Overseer  
  178  12:08  Roach x3  
  178  12:09  Roach x2  
  178  12:20  Ultralisk  
  158  12:32  Ravager, Overseer  
  158  12:34  Overseer  
  158  12:36  Zergling x16  
  167  12:43  Adrenal Glands  
  167  12:45  Zerg Melee Weapons Level 2  
  167  12:54  Ultralisk  
  167  12:57  Zergling x4  
  175  13:10  Zerg Ground Armor Level 1  
  175  13:19  Hatchery  
  180  13:20  Ultralisk  
  180  13:24  Ravager x5  
  183  13:35  Ultralisk  
  191  13:42  Extractor  
  191  13:45  Ultralisk  
  194  13:48  Ravager  
  195  13:56  Zergling x2  
  195  13:57  Zergling x8  
  200  14:03  Spire  
  192  14:24  Ultralisk x2  
  192  14:27  Zergling x4  
  93  15:11  Ultralisk x4  
  105  15:17  Ultralisk  
  112  15:45  Zergling x8  
  95  15:50  Ultralisk x2  
  95  15:55  Zergling x6  
  109  16:10  Zergling x12  
  103  16:17  Zergling x6  
Show
View Real Time Build Order
Export as new Build Order

MCanning Protoss - Winner!

Build Orders: Nexus First 

Get SALT Encoding   

  12  0:01  Probe (Chrono Boost)  
  13  0:12  Probe (Chrono Boost)  
  14  0:25  Probe (Chrono Boost)  
  14  0:27  Pylon  
  15  0:45  Probe (Chrono Boost)  
  16  0:55  Probe (Chrono Boost)  
  17  1:03  Nexus  
  17  1:13  Probe (Chrono Boost), Gateway  
  18  1:23  Probe (Chrono Boost)  
  19  1:26  Assimilator  
  19  1:31  Assimilator  
  19  1:34  Probe (Chrono Boost)  
  20  1:44  Probe (Chrono Boost)  
  21  1:50  Gateway  
  21  1:55  Probe (Chrono Boost)  
  22  2:05  Probe (Chrono Boost)  
  23  2:12  Cybernetics Core  
  23  2:16  Probe (Chrono Boost)  
  23  2:17  Pylon  
  23  2:19  Probe (Chrono Boost)  
  25  2:26  Probe (Chrono Boost)  
  27  2:30  Probe (Chrono Boost)  
  27  2:34  Zealot  
  30  2:37  Probe (Chrono Boost)  
  30  2:40  Probe (Chrono Boost)  
  31  2:47  Probe (Chrono Boost)  
  31  2:51  Probe (Chrono Boost), Warp Gate  
  33  2:55  Stalker  
  37  2:58  Mothership Core (Chrono Boost)  
  37  3:01  Probe (Chrono Boost)  
  37  3:04  Sentry  
  40  3:12  Probe (Chrono Boost)  
  41  3:15  Pylon  
  41  3:17  Probe (Chrono Boost)  
  41  3:22  Probe (Chrono Boost)  
  42  3:27  Probe (Chrono Boost)  
  42  3:32  Stalker  
  42  3:33  Probe (Chrono Boost)  
  46  3:34  Sentry  
  46  3:38  Probe (Chrono Boost)  
  49  3:43  Probe (Chrono Boost)  
  51  3:48  Probe (Chrono Boost)  
  51  3:52  Pylon  
  51  3:54  Probe (Chrono Boost)  
  52  3:59  Probe (Chrono Boost)  
  53  4:03  Gateway  
  53  4:04  Probe (Chrono Boost)  
  53  4:09  Assimilator  
  54  4:10  Probe (Chrono Boost)  
  54  4:11  Robotics Facility  
  54  4:13  Forge, Assimilator  
  54  4:15  Probe (Chrono Boost)  
  56  4:21  Probe (Chrono Boost)  
  57  4:26  Probe (Chrono Boost)  
  56  4:31  Probe (Chrono Boost)  
  56  4:36  Probe (Chrono Boost)  
  58  4:39  Protoss Ground Weapons Level 1 (Chrono Boost)  
  58  4:42  Probe (Chrono Boost)  
  59  4:46  Probe (Chrono Boost)  
  59  4:52  Gateway x2, Probe  
  61  4:55  Probe  
  62  5:06  Pylon x2  
  62  5:08  Pylon  
  62  5:20  Twilight Council  
  62  5:24  Probe x2  
  62  5:25  Nexus, Observer (Chrono Boost)  
  62  5:27  Pylon x2  
  62  5:28  Stalker x3  
  71  5:31  Pylon  
  71  5:34  Robotics Bay  
  71  5:36  Probe  
  71  5:40  Probe  
  73  5:43  Observer (Chrono Boost)  
  73  5:48  Probe  
  74  5:52  Probe  
  74  5:53  Twilight Council  
  75  6:00  Probe  
  75  6:02  Gateway  
  75  6:04  Probe, Gateway  
  77  6:08  Photon Cannon  
  77  6:11  Photon Cannon  
  77  6:13  Probe  
  77  6:16  Sentry  
  77  6:18  Probe  
  81  6:25  Probe, Disruptor (Chrono Boost)  
  85  6:29  Stalker x3  
  85  6:30  Blink (Chrono Boost)  
  91  6:33  Probe  
  91  6:34  Protoss Ground Weapons Level 2  
  91  6:37  Probe  
  93  6:45  Probe x2  
  94  6:49  Probe, Assimilator  
  94  6:54  Assimilator  
  96  6:56  Disruptor (Chrono Boost)  
  96  6:57  Probe  
  100  7:03  Gateway  
  100  7:04  Gateway  
  100  7:11  Gateway  
  100  7:16  Gateway  
  100  7:19  Gateway  
  100  7:22  Disruptor (Chrono Boost)  
  103  7:32  Probe  
  103  7:34  Stalker x2  
  103  7:35  Stalker x4  
  116  7:38  Probe  
  116  7:41  Pylon  
  116  7:42  Pylon  
  116  7:44  Pylon  
  117  7:53  Disruptor  
  117  7:56  Probe  
  121  7:59  Stalker  
  121  8:00  Stalker x5  
  133  8:10  Sentry  
  135  8:15  Pylon  
  135  8:17  Pylon  
  135  8:23  Stalker x3  
  135  8:24  Warp Prism  
  141  8:29  Pylon  
  141  8:31  Pylon  
  141  8:32  Pylon  
  143  8:39  Stalker x3  
  143  8:40  Stalker x3  
  155  8:43  Stalker  
  155  8:47  Probe  
  158  8:54  Stalker x3  
  158  8:55  Disruptor  
  164  8:59  Probe  
  164  9:00  Probe  
  169  9:06  Probe  
  170  9:16  Probe  
  139  9:25  Stalker x4  
  136  9:32  Stalker x2  
  136  9:33  Stalker x3  
  136  9:38  Adept x3  
  148  9:41  Disruptor  
  152  9:46  Nexus  
  153  9:57  Probe  
  132  10:12  Disruptor  
  126  10:15  Probe  
  126  10:18  Stalker x2  
  126  10:19  Stalker x6  
  126  10:20  Stalker x2  
  150  10:25  Mothership Core  
  150  10:27  Protoss Ground Weapons Level 3  
  152  10:28  Probe  
  152  10:29  Probe  
  154  10:41  Probe  
  155  10:43  Stalker x4  
  155  10:49  Probe  
  162  10:52  Probe  
  162  10:55  Disruptor  
  161  11:04  Probe  
  161  11:08  Adept x3  
  161  11:09  Adept x2  
  172  11:14  Stalker x3  
  172  11:16  Probe  
  177  11:24  Probe x2  
  179  11:30  Immortal, Assimilator  
  179  11:32  Assimilator  
  175  11:34  Probe  
  175  11:39  Robotics Facility  
  180  11:41  Stalker x4, Pylon  
  188  11:52  Gateway  
  187  11:59  Stalker x3  
  193  12:04  Disruptor  
  184  12:17  Probe  
  184  12:21  Probe  
  178  12:29  Immortal (Chrono Boost)  
  174  12:30  Probe  
  174  12:34  Stalker x2  
  174  12:35  Stalker x2  
  174  12:36  Probe  
  184  12:38  Disruptor (Chrono Boost)  
  184  12:44  Pylon  
  187  12:45  Pylon  
  187  12:46  Pylon  
  187  12:53  Probe  
  187  12:54  Protoss Ground Armor Level 1  
  187  12:57  Pylon  
  187  12:58  Pylon x2  
  188  13:01  Pylon  
  188  13:04  Zealot  
  196  13:06  Colossus (Chrono Boost)  
  196  13:09  Dark Shrine  
  196  13:11  Charge (Chrono Boost)  
  196  13:12  Immortal (Chrono Boost)  
  200  13:47  Photon Cannon  
  200  13:49  Stargate  
  200  13:50  Stargate  
  200  13:53  Pylon  
  200  14:06  Nexus  
  200  14:09  Pylon  
  200  14:10  Pylon  
  200  14:11  Extended Thermal Lance (Chrono Boost)  
  200  14:13  Pylon  
  198  14:31  Photon Cannon  
  198  14:32  Photon Cannon  
  198  14:34  Photon Cannon  
  198  14:35  Resonating Glaives  
  198  14:36  Photon Cannon  
  198  14:37  Photon Cannon  
  198  14:38  Photon Cannon  
  198  14:43  Fleet Beacon  
  190  14:56  Probe  
  190  14:58  Probe  
  184  15:02  Stalker  
  184  15:03  Stalker x5  
  184  15:04  Stalker x2  
  192  15:09  Stalker x4  
  200  15:40  Photon Cannon x2  
  200  15:42  Photon Cannon  
  200  15:44  Photon Cannon x2  
  200  15:47  Pylon  
  200  15:54  Assimilator  
  200  15:59  Assimilator  
  145  16:21  Stalker  
  145  16:22  Stalker x5  
  145  16:23  Stalker x4  
  145  16:24  Stalker x3  
Tags
 
Add a new tag
Caveats
  • Supply blocks, unpowered buildings, or Contaminate may cause inaccurate times.
  • Supply counts are checked every 10 seconds.